 Dungeon Crawl Stone Soup version 0.30-a0-772-g5528072125 (webtiles) character file.

Game seed: 12908670131582094593

172 bmack86 the Covered (level 5, 0/47 HPs)
             Began as a Minotaur Fighter on Feb 13, 2023.
             Slain by an orc wizard
             ... wielding a +0 dagger
              (4 damage)
             ... on level 3 of the Dungeon.
             The game lasted 00:07:04 (2373 turns).

bmack86 the Covered (Minotaur Fighter)              Turns: 2373, Time: 00:07:04

Health: 0/47       AC:  9    Str: 28    XL:     5   Next: 27%
Magic:  4/4        EV: 13    Int:  5    God:
Gold:   139        SH:  4    Dex: 10    Spells: 4/4 levels left

rFire   . . .      SeeInvis .    a - +0 war axe
rCold   . . .      Faith    .    c - +0 buckler
rNeg    . . .      Spirit   .    e - +0 chain mail
rPois   .          Reflect  .    (helmet restricted)
rElec   .          Harm     .    (no cloak)
rCorr   .          Rampage  .    (no gloves)
Will    .....                    (no boots) Stlth
                                 q - amulet of the acrobat
HPRegen 0.27/turn                g - +6 ring of strength
MPRegen 0.09/turn                s - +5 ring of evasion

@: no status effects
A: horns 2, retaliatory headbutt
a: no special abilities


You were on level 3 of the Dungeon.
You visited 1 branch of the dungeon, and saw 3 of its levels.

You collected 139 gold pieces.

Inventory:

Hand Weapons
 a - a +0 war axe (weapon)
Missiles
 h - 4 atropa-tipped darts
 k - 2 poisoned darts
 u - 6 boomerangs (quivered)
Armour
 b - a +0 scale mail
 c - a +0 buckler (worn)
 e - a +0 chain mail (worn)
Jewellery
 g - a +6 ring of strength (left hand)
 i - a ring of protection from cold
 p - the ring of Forriull {rN+ Dex+4}
   (You found it on level 3 of the Dungeon)

   [ring of positive energy]

   Dex:       It affects your dexterity (+4).
   rN:        It protects you from negative energy.
 q - an amulet of the acrobat (around neck)
 s - a +5 ring of evasion (right hand)
Wands
 m - a wand of flame (1)
Scrolls
 f - a scroll of poison
 j - a scroll of torment {unknown}
 l - a scroll of fog {unknown}
 r - a scroll of immolation {unknown}
 t - a scroll of vulnerability {unknown}
 v - a scroll of identify
 w - a scroll of butterflies {unknown}
 y - a scroll of noise {unknown}
 z - a scroll of teleportation
 A - a scroll of blinking {unknown}
Potions
 d - 2 potions of might
 n - a potion of flight {unknown}
 o - a potion of curing
 x - 2 potions of attraction {unknown}


   Skills:
 + Level 4.4 Fighting
 * Level 4.3 Axes
 + Level 1.7 Throwing
 + Level 4.4 Armour
 + Level 4.4 Shields


You had 4 spell levels left.
You didn't know any spells.
Your spell library contained the following spells:

 Spells                   Type           Power      Damage    Failure   Level
 Magic Dart               Conj           0%         1d3       98%         1
 Sting                    Tmut/Pois      0%         1d3       98%         1
 Call Imp                 Summ           0%         N/A       99%         2
 Poisonous Vapours        Pois/Air       0%         N/A       99%         2
 Sublimation of Blood     Necr           0%         N/A       99%         2
 Wereblood                Tmut           0%         N/A       99%         2
 Mephitic Cloud           Conj/Pois/Air  0%         N/A       100%        3
 Ozocubu's Armour         Ice            0%         N/A       100%        3
 Olgreb's Toxic Radiance  Pois           0%         N/A       100%        4
 Metabolic Englaciation   Hex/Ice        0%         N/A       100%        5
 Simulacrum               Ice/Necr       0%         N/A       100%        6
 Summon Hydra             Summ           0%         N/A       100%        7


Dungeon Overview and Level Annotations

Branches:
Dungeon (3/15)

Altars:

Annotations:
D:3 3 runed translucent doors, benadryl's ghost, amateur FoHu


Innate Abilities, Weirdness & Mutations

You have a pair of horns on your head.
You reflexively headbutt those who attack you in melee.


Message History

Beogh smites you! Something hits you.
You bump into the rock wall.
The orc priest barely misses you. Something hits you but does no damage.
You slash the orc priest!
You kill the orc priest!
You closely miss something. Something hits you but does no damage.
You bump into the rock wall.
Something hits you but does no damage.
You bump into the rock wall.
Something hits you.
You hear some strange, mumbled words.
You are more confused.
Things that are here:
a +0 club; a +0 ring mail; an orc corpse You bump into the rock wall.
You closely miss something. Something hits you but does no damage.
Something hits you.
* * * LOW HITPOINT WARNING * * *
You completely miss something. Something hits you but does no damage.
You bump into the metal wall.
Something hits you.
* * * LOW HITPOINT WARNING * * *
Something hits you but does no damage. Something closely misses you.
You feel less confused.
A magic dart appears from out of thin air!
The magic dart hits you but does no damage.
Something barely misses you.
You barely miss something. Your headbutt misses something. Something hits you.
* * * LOW HITPOINT WARNING * * *
You miss something. Something hits you.
* * * LOW HITPOINT WARNING * * *
Something hits you but does no damage.
You closely miss something. Your headbutt misses something.
Something hits you but does no damage.
You slash something! Your headbutt misses something.
Something hits you but does no damage.
You hear some strange, mumbled words.
A puff of flame appears from out of thin air!
The puff of flame hits you!
* * * LOW HITPOINT WARNING * * *
You hit something but do no damage. Something hits you.
You die...

##### ### ### ### ### ...+ #.#
#.# #.# #.# #.##.#.#.#.#.#.#.#.#
#.{@###.###.###.###.
##)#.#.#.#.#.#.#.#.# ########
#..#.#.#.#.#.#.#.#. #......#
################### #......# ##
#......# ##########
.8###......###########.....†..##
. #.'......'...................#
..###......###############.#...#


There were no monsters in sight!

Vanquished Creatures
  An orc priest (D:3)
  Natasha (D:2)
  Terence (D:2)
  3 adders (D:3)
  5 dart slugs
  4 orcs (D:3)
  3 endoplasms
  2 giant cockroaches (D:1)
  3 goblins
  7 hobgoblins
  3 kobolds
  5 quokkas
  7 ball pythons
  2 bats
  2 frilled lizards (D:1)
  6 rats
55 creatures vanquished.

Notes
Turn   | Place    | Note
-------+----------+-------------------------------------------
     0 | D:1      | bmack86 the Minotaur Fighter began the quest for the Orb.
     0 | D:1      | Reached XP level 1. HP: 19/19 MP: 0/0
    97 | D:1      | Reached XP level 2. HP: 27/27 MP: 1/1
   948 | D:2      | Identified the +2 ring mail of Philately {Dex+2}
   996 | D:2      | Noticed Natasha
   998 | D:2      | Killed Natasha
   999 | D:2      | Reached XP level 3. HP: 26/33 MP: 2/2
  1213 | D:2      | Reached skill level 1 in Throwing
  1274 | D:2      | Reached XP level 4. HP: 38/40 MP: 3/3
  1325 | D:2      | Noticed Terence
  1332 | D:2      | Killed Terence
  1584 | D:3      | Identified the ring of Forriull {rN+ Dex+4}
  1852 | D:3      | Identified the +5 chain mail of Cil Ycic {+Inv rC- Will+++
                  | Dex-4}
  1853 | D:3      | Noticed benadryl's ghost (amateur FoHu)
  1856 | D:3      | Found a runed translucent gate.
  1857 | D:3      | Found a runed translucent gate.
  1858 | D:3      | Found a runed translucent gate.
  2331 | D:3      | Reached XP level 5. HP: 47/47 MP: 4/4
  2373 | D:3      | Slain by an orc wizard

Illustrated notes

Levels and vault maps discovered:
D:1:      psy_arrival_terrarium, layout_basic
D:2:      layout_basic, uniq_terence, uniq_natasha
D:3:      layout_basic, led_sif_pool, biasface_ghost_orc_armoury,
          hangedman_abyss_or_decor_stabs, grunt_ministairs_6,
          roderic_roman_lattice, minmay_stone_trees_small

Skill      XL: |  1  2  3  4 |
---------------+-------------+-----
Axes           | 3 4 |  4.3
Fighting       | 4 |  4.4
Armour         | 4 |  4.4
Shields        | 4 |  4.4
Throwing       | 1 |  1.7

Action                     |  1- 3 |  4- 6 || total
---------------------------+-------+-------++-------
  Melee: War axe           |    52 |    51 ||   103
         Headbutt          |     4 |     3 ||     7
    Use: Scroll            |     2 |     2 ||     4
 Armour: Scale mail        |     4 |       ||     4
         Chain mail        |    26 |    24 ||    50
  Dodge: Dodged            |    22 |    39 ||    61
  Block: Buckler           |    10 |    15 ||    25

Table legend: (Time is in decaauts)
 A = Elapsed time spent in this place.
 B = Non-inter-level travel time spent in this place.
 C = Inter-level travel time spent in this place.
 D = Time resting spent in this place.
 E = Time spent auto-exploring this place.
 F = Levels seen in this place.
 G = Mean time per level.
                   A        B        C        D        E       F      G
               +--------+--------+--------+--------+--------+-----+--------+
         Total |   2406 |   2266 |    140 |      0 |   1671 |   3 |  802.0 |
       Dungeon |   2406 |   2266 |    140 |      0 |   1671 |   3 |  802.0 |
               +--------+--------+--------+--------+--------+-----+--------+

Top non-repeatable levels by time:
     D:3: 834 daAuts
     D:1: 814 daAuts
     D:2: 758 daAuts
